 Dungeon Crawl Stone Soup version 0.17-a0-1951-g62301d3 (webtiles) character file.

1381 Ordine the Cruncher (level 8, -3/62 HPs)
             Began as a Minotaur Gladiator on Oct 3, 2015.
             Was a Follower of Okawaru.
             Slain by Duvessa
             ... wielding a +0 rapier
              (6 damage)
             ... on level 6 of the Dungeon.
             The game lasted 00:16:04 (4535 turns).

Ordine the Cruncher (Minotaur Gladiator)            Turns: 4535, Time: 00:16:05

Health: -3/62      AC:  5    Str: 20    XL:     8   Next: 39%
Magic:  7/7        EV: 12    Int: 14    God:    Okawaru [*.....]
Gold:   327        SH:  0    Dex: 13    Spells: 0 memorised, 7 levels left

rFire  + + .     SeeInvis .     o - +4 quarterstaff (chaos)
rCold  . . .     Clarity  .     r - +0 ring mail
rNeg   + . .     SustAt   .     (no shield)
rPois  +         Gourm    .     c - +0 hat
rElec  +         Spirit   .     p - +1 cloak {MR+}
rCorr  +         Warding  .     u - +0 pair of gloves
rMut   .         Stasis   .     (no boots)
MR     +....                    j - amulet of regeneration
Stlth  +.........               s - ring of the Grey Skies {rF+ rC- Int+4}
                                a - ring of positive energy

@: brilliant, resistant, flying, very slightly contaminated, hasted, invisible,
very quick, somewhat resistant to hostile enchantments, very unstealthy
A: retaliatory headbutt, horns 2, deformed body, sense surroundings 1, poison
resistance
a: Heroism, Renounce Religion


You were on level 6 of the Dungeon.
You worshipped Okawaru.
Okawaru was aware of your devotion.
You were not hungry.

You visited 2 branches of the dungeon, and saw 7 of its levels.
You also visited: Ossuary.

You collected 327 gold pieces.

Inventory:

Hand weapons
 o - a +4 quarterstaff of chaos (weapon)
Missiles
 d - 3 throwing nets (quivered)
Armour
 c - a +0 hat (worn)
 p - a +1 cloak of magic resistance (worn)
 r - a +0 ring mail (worn)
 u - a +0 pair of gloves (worn)
Jewellery
 a - a ring of positive energy (left hand)
 j - an amulet of regeneration (around neck)
 s - the ring of the Grey Skies (right hand) {rF+ rC- Int+4}
   (You found it on level 4 of the Dungeon)

   [ring of protection from fire]

   It affects your intelligence (+4).
   It protects you from fire.
   It makes you vulnerable to cold.
Magical devices
 b - a wand of polymorph (14)
Scrolls
 g - 2 scrolls of enchant weapon
 m - a scroll of amnesia
 q - 4 scrolls of fog
 w - 4 scrolls of remove curse
 z - a scroll of teleportation
 C - a scroll of blinking
Potions
 f - a potion of magic
 i - 2 potions of might
 k - 5 potions of curing
 n - a potion of flight
 t - a potion of resistance
Comestibles
 e - 5 bread rations
 h - 2 meat rations


   Skills:
 - Level 2.4 Fighting
 + Level 12.5 Staves
 - Level 2.0 Throwing
 - Level 3.2 Dodging


You had 7 spell levels left.
You didn't know any spells.

Dungeon Overview and Level Annotations

Branches:
Dungeon (6/15)             Temple (1/1) D:5

Altars:
Ashenzari
Cheibriados
Dithmenos
Fedhas
Gozag
Kikubaaqudgha
Makhleb
Okawaru
Qazlal
Ru
Sif Muna
Trog
Xom
Yredelemnul

Annotations:
D:6 Dowan, Duvessa


Innate Abilities, Weirdness & Mutations

You reflexively headbutt those who attack you in melee.
You have a pair of horns on your head.
Armour fits poorly on your strangely shaped body.
You passively map a small area around you.
Your system is resistant to poisons.


Message History

You headbutt the scorpion, but do no damage.
You closely miss the scorpion.
The scorpion is almost dead.
You closely miss the scorpion. You headbutt the scorpion.
You kill the scorpion!
Okawaru accepts your kill. Duvessa hits you with a rapier!
* * * LOW HITPOINT WARNING * * *
The orc wizard gestures wildly while chanting.
The orc wizard seems to speed up.
You hit Duvessa.
Duvessa flickers and vanishes!
You hit something.
There is a sudden explosion of sparks!
The orc wizard gestures wildly while chanting.
The orc wizard blinks!
Something hits you!
* * * LOW HITPOINT WARNING * * *
You miss something. You barely miss something. Your headbutt misses something.
The orc closely misses you. You furiously retaliate!
You headbutt the orc. Something hits you.
You die...

#..............,
#.#####........
, #.#
########### *
#.# #.......#
#.# #.......###
#.# #..........
, #o#
#.....§..§. #.#
#o.<).§....,
#@###.oo....##.
#{o..o#{o......
#####.#.######o
, #.#.# #.#+# ,
,... ,, ,... ,,
,* * ** .... , ,
* * , ...


You could see an orc wizard and 2 orcs.

Vanquished Creatures
  An orc warrior (D:6)
  An ice beast (D:5)
  A wyvern zombie (Ossuary)
  2 scorpions
  5 bog bodies (Ossuary)
  A wasp zombie (Ossuary)
  A centaur zombie (Ossuary)
  2 giant frog zombies (Ossuary)
  Crazy Yiuf (D:3)
  An orc priest (D:4)
  A centaur skeleton (D:4)
  2 orc wizards (D:4)
  5 worker ants
  A hound skeleton (D:6)
  A hound zombie (Ossuary)
  2 worker ant zombies
  12 mummies (Ossuary)
  Robin (D:4)
  11 gnolls
  5 adders
  2 adder skeletons (D:4)
  4 adder zombies (Ossuary)
  3 worms
  3 giant geckos
  10 orcs
  2 ball pythons
  6 bats
  6 giant cockroaches
  10 goblins
  12 hobgoblins
  3 jackals (D:2)
  10 kobolds
  3 quokkas
  A giant gecko zombie (Ossuary)
  A quokka skeleton (D:4)
  A rat (shapeshifter) (D:4)
  11 rats
145 creatures vanquished.

Vanquished Creatures (others)
  2 plants (Ossuary)
2 creatures vanquished.

Grand Total: 147 creatures vanquished

Notes
Turn   | Place    | Note
--------------------------------------------------------------
     0 | D:1      | Ordine the Minotaur Gladiator began the quest for the Orb.
     0 | D:1      | Reached XP level 1. HP: 18/18 MP: 0/0
   125 | D:1      | Reached skill level 4 in Staves
   278 | D:1      | Reached XP level 2. HP: 25/25 MP: 1/1
   832 | D:2      | Reached skill level 5 in Staves
   909 | D:2      | Reached XP level 3. HP: 30/30 MP: 2/2
   944 | D:2      | Reached XP level 4. HP: 24/37 MP: 3/3
   976 | D:2      | Reached skill level 6 in Staves
  1673 | D:3      | Noticed Crazy Yiuf
  1677 | D:3      | Killed Crazy Yiuf
  1677 | D:3      | Reached skill level 7 in Staves
  1677 | D:3      | Reached XP level 5. HP: 42/42 MP: 4/4
  2376 | D:4      | Reached skill level 8 in Staves
  2414 | D:4      | Noticed Robin
  2421 | D:4      | Killed Robin
  2421 | D:4      | Reached XP level 6. HP: 23/50 MP: 5/5
  2635 | D:4      | Got a translucent golden ring
  2644 | D:4      | Identified the ring of the Grey Skies {rF+ rC- Int+4} (You found it on level 4 of the Dungeon)
  2717 | D:4      | Gained mutation: Armour fits poorly on your strangely shaped body. [mutagenic meat]
  2718 | D:4      | Gained mutation: You passively map a small area around you. [mutagenic meat]
  2723 | D:4      | Found a shattered altar of Ashenzari.
  2730 | D:4      | Reached skill level 9 in Staves
  2888 | D:4      | Reached XP level 7. HP: 45/56 MP: 6/6
  3086 | D:5      | Entered Level 5 of the Dungeon
  3184 | D:5      | Found a staircase to the Ecumenical Temple.
  3188 | Temple   | Entered the Ecumenical Temple
  3411 | D:5      | Found an iron altar of Okawaru.
  3413 | D:5      | Became a worshipper of Warmaster Okawaru
  3447 | D:5      | Found a sand-covered staircase.
  3488 | Ossuary  | Entered an ossuary
  3522 | Ossuary  | Reached skill level 10 in Staves
  3663 | Ossuary  | Reached skill level 11 in Staves
  3667 | Ossuary  | Gained mutation: Your system is resistant to poisons. [potion of beneficial mutation]
  3698 | Ossuary  | Acquired Okawaru's first power
  3716 | Ossuary  | Reached XP level 8. HP: 12/62 MP: 7/7
  4169 | D:5      | Reached skill level 12 in Staves
  4507 | D:6      | Noticed Duvessa
  4519 | D:6      | Noticed Dowan
  4533 | D:6      | HP: 2/62 [something (10)]
  4535 | D:6      | Slain by Duvessa

Vault maps used:
D:1:      scummos_arrival_hexagon
D:3:      uniq_crazy_yiuf_cottage
D:4:      lemuel_crystal_altar, first_bread, uniq_robin
D:5:      lemuel_round_altar, temple_hall_moat, nicolae_ossuary_entry_ruins
D:6:      serial_shops, shop_fountains, uniq_duvessa, uniq_prince_ribbit1
Temple:   circular_temple_12
Ossuary:  ossuary_zaba_flooded

Action                   |  1- 3 |  4- 6 |  7- 9 || total
-------------------------+-------+-------+-------++-------
Melee: Quarterstaff      |    57 |   135 |   118 ||   310
  Use: Scroll            |     6 |     3 |     7 ||    16
       Potion            |     4 |       |     8 ||    12
 Stab: Paralysed         |       |       |     2 ||     2
       Confused          |       |       |     3 ||     3
       Petrifying        |       |       |     1 ||     1
  Eat: Chunk             |       |    11 |       ||    11
       Beef jerky        |       |       |     1 ||     1
       Bread ration      |       |       |     1 ||     1
